 Dungeon Crawl Stone Soup version 0.31-a0-1074-g0b22e4e0f1 (webtiles) character file.

Game seed: 3737887746961151256

2728 monsoonserge the Grappler (level 9, -1/118 HPs)
             Began as a Troll Shapeshifter on Dec 2, 2023.
             Was a Believer of Wu Jian.
             Slain by a hornet (8 damage)
             ... on level 6 of the Dungeon.
             The game lasted 00:12:06 (4308 turns).

monsoonserge the Grappler (Troll Shapeshifter)      Turns: 4308, Time: 00:12:06

Health: -1/118     AC: 28    Str: 28    XL:     9   Next: 40%
Magic:  8/8        EV:  1    Int:  6    God:    Wu Jian [**....]
Gold:   397        SH:  0    Dex:  9    Spells: 8/8 levels left

rFire   . .          .
                       - Unarmed
rCold   . . .        (no shield)
rNeg    . . .        a - melded +0 animal skin
rPois   +            (helmet currently unavailable)
rElec   .            g - melded +0 cloak
rCorr   .            (gloves unavailable)
SInv    .            (boots unavailable)
Will    .....        (no amulet)
Stlth   +            q - +4 ring of protection
HPRegen 1.19/turn    (no ring)
MPRegen 0.11/turn

%: no passive effects
@: tree-form, slowed, very slow
A: stationary, stasis, torment immunity, boosted hp, large, unfitting armour,
(claws 3), regeneration 1, (shaggy fur 1), (tough skin 1)
a: Renounce Religion, Wall Jump


You were on level 6 of the Dungeon.
You worshipped Wu Jian.
Wu Jian was pleased with you.
You were a tree.
You visited 1 branch of the dungeon, and saw 7 of its levels.

You collected 397 gold pieces.

Inventory:

Missiles
 h - 20 poisoned darts
 o - a throwing net
Armour
 a - a +0 animal skin (melded)
 g - a +0 cloak (melded)
Magical Staves
 i - a staff of conjuration
Jewellery
 q - a +4 ring of protection (left branch)
 w - a ring of ice
Talismans
 c - a beast talisman
 d - a flux talisman (active)
Wands
 x - a wand of paralysis (16)
 y - a wand of flame (15) (quivered)
Scrolls
 e - 2 scrolls of immolation {unknown}
 f - 2 scrolls of poison {unknown}
 j - a scroll of amnesia {unknown}
 k - 7 scrolls of identify {unknown}
 l - 2 scrolls of enchant weapon {unknown}
 m - 2 scrolls of teleportation {unknown}
 p - 3 scrolls of noise {unknown}
 t - a scroll of brand weapon {unknown}
 v - a scroll of torment {unknown}
 A - a scroll of fear {unknown}
Potions
 n - 2 potions of attraction {unknown}
 r - a potion of heal wounds
 s - 2 potions of curing
 u - a potion of haste {unknown}
 z - a potion of degeneration {unknown}
 B - a potion of mutation {unknown}


   Skills:
 + Level 2.3 Fighting
 + Level 3.9 Dodging
 + Level 9.8 Unarmed Combat
 - Level 1.0 Evocations
 + Level 7.2 Shapeshifting


You had 8 spell levels left.
You didn't know any spells.
Your spell library contained the following spells:

 Spells                   Type           Power      Damage    Failure   Level
 Cigotuvi's Dreadful Rot  Necr/Pois/Air  0%         N/A       58%         2
 Dazzling Flash           Conj/Hex       0%         N/A       83%         3
 Ignite Poison            Fire/Tmut/Pois 0%         N/A       83%         3
 Volatile Blastmotes      Fire/Tloc      0%         2d10      83%         3
 Freezing Cloud           Conj/Ice/Air   0%         6-21      100%        5
 Starburst                Conj/Fire      0%         6d3       100%        6
 Maxwell's Capacitive Co  Air            0%         ∞         100%        8


Dungeon Overview and Level Annotations

Branches:
Dungeon (7/15)             Temple (0/1) D:7

Altars:
Fedhas
Hepliaklqana
Nemelex Xobeh
Wu Jian
Zin

Shops:
D:6 *

Annotations:
D:7 Maggie


Innate Abilities, Weirdness & Mutations

You are a tree.
Your roots penetrate the ground, keeping you stationary.
You cannot be teleported.
You are immune to unholy pain and torment.
Your maximum health is greatly increased.
Your equipment is partially melded.
You are too large for most types of armour.
((You have claws for hands.))
Your natural rate of healing is unusually fast.
((You are covered in fur. (AC +1)))
((You have tough skin. (AC +1)))


Message History

* * * LOW HITPOINT WARNING * * *
You feel as though you will be slow longer.
The hornet stings you!
* * * LOW HITPOINT WARNING * * *
You are more poisoned.
The hornet stings you.
* * * LOW HITPOINT WARNING * * *
You feel as though you will be slow longer.
The hornet stings you.
* * * LOW HITPOINT WARNING * * *
You suddenly lose the ability to move!
* * * LOW HITPOINT WARNING * * *
You feel very sick. The hornet stings you.
* * * LOW HITPOINT WARNING * * *
The hornet stings you but does no damage.
You can move again.
It was a potion of curing.
You feel better. The hornet stings you.
* * * LOW HITPOINT WARNING * * *
The hornet stings you but does no damage. x5
You feel much better. The hornet stings you!
* * * LOW HITPOINT WARNING * * *
The hornet stings you!
* * * LOW HITPOINT WARNING * * *
The hornet stings you but does no damage. x2
Unknown command.
You smack the hornet!
The hornet is heavily wounded.
The hornet stings you but does no damage. x3
The hornet barely misses you.
Unknown command.
You pummel the hornet!!
You kill the hornet!
The Council accepts your kill.
The hornet stings you but does no damage.
The hornet stings you!
* * * LOW HITPOINT WARNING * * *
Unknown command.
You hit the hornet but do no damage. The hornet stings you!
You die...

#...≈≈≈≈≈..≈≈≈≈≈≈#
###..≈≈≈≈≈≈≈≈≈≈≈
##...≈≈≈≈≈≈#
###...#...#
###.##..# #.....#
###.### #.# #. #.#
#♣# #. #.# #####y#
#. #.# #.....# #.
#.# #.##### #. #.#
#.# ##. #.# #.#
#..##.# #.# #.....
#.# ##.### #.#
##..#


You could see a hornet.

Vanquished Creatures
  A troll (D:7)
  A hornet (D:6)
  Sigmund (D:2)
  Eustachio (D:5)
  The ghost of horus123 the Magician, an amateur DEEE (D:4)
  A water moccasin (D:6)
  A black bear (D:7)
  An orc warrior (D:6)
  An ice beast (D:5)
  2 ogres (D:6)
  A centaur (D:6)
  A phantom (D:4)
  Blork the orc (D:4)
  A gnoll sergeant (D:3)
  2 scorpions (D:6)
  3 wights
  2 howler monkeys (D:7)
  5 hounds
  3 jellies
  An orc priest (D:5)
  A sleepcap (D:5)
  Ijyb (D:5)
  3 iguanas
  3 orc wizards
  5 gnolls
  10 adders
  A shadow imp (D:7)
  4 ufetubi (D:5)
  A worm (D:2)
  A dart slug (D:5)
  8 orcs
  5 ball pythons
  11 endoplasms
  3 giant cockroaches
  2 goblins (D:2)
  11 hobgoblins
  4 jackals (D:2)
  3 quokkas
  10 bats
  7 frilled lizards
  5 kobolds
  4 rats
134 creatures vanquished.

Notes
Turn   | Place    | Note
-------+----------+-------------------------------------------
     0 | D:1      | monsoonserge the Troll Shapeshifter began the quest for the
                  | Orb.
     0 | D:1      | Reached XP level 1. HP: 18/18 MP: 0/0
   257 | D:1      | Reached XP level 2. HP: 26/26 MP: 1/1
  1041 | D:2      | Reached XP level 3. HP: 24/32 MP: 2/2
  1136 | D:2      | Noticed Sigmund
  1142 | D:2      | Killed Sigmund
  1143 | D:2      | Reached skill level 1 in Fighting
  1143 | D:2      | Reached skill level 4 in Unarmed Combat
  1143 | D:2      | Reached XP level 4. HP: 32/41 MP: 3/3
  1143 | D:2      | Reached XP level 5. HP: 38/48 MP: 4/4
  1835 | D:3      | Found an ornate altar of the Wu Jian Council.
  1847 | D:3      | Became a worshipper of the Wu Jian Council
  2072 | D:3      | Found a glowing silver altar of Zin.
  2172 | D:3      | Found a hazy altar of Hepliaklqana.
  2371 | D:4      | Reached XP level 6. HP: 47/55 MP: 5/5
  2379 | D:4      | Noticed Blork the orc
  2388 | D:4      | Killed Blork the orc
  2389 | D:4      | Reached skill level 5 in Unarmed Combat
  2401 | D:4      | Found a runed translucent door.
  2401 | D:4      | Noticed horus123's ghost (amateur DEEE)
  2547 | D:4      | Reached skill level 5 in Shapeshifting
  2637 | D:4      | Reached * piety under Wu Jian
  2689 | D:4      | Reached XP level 7. HP: 62/62 MP: 6/6
  2784 | D:4      | Reached skill level 6 in Unarmed Combat
  3131 | D:4      | Killed horus123's ghost
  3146 | D:5      | Entered Level 5 of the Dungeon
  3265 | D:5      | Noticed Ijyb
  3270 | D:5      | Noticed Eustachio
  3272 | D:5      | Killed Ijyb
  3283 | D:5      | Killed Eustachio
  3284 | D:5      | Reached skill level 7 in Unarmed Combat
  3284 | D:5      | Reached XP level 8. HP: 67/71 MP: 7/7
  3670 | D:5      | Reached skill level 1 in Evocations
  3702 | D:6      | Reached skill level 8 in Unarmed Combat
  3786 | D:6      | Reached ** piety under Wu Jian
  4066 | D:6      | Found a sparkling altar of Nemelex Xobeh.
  4066 | D:6      | Found a blossoming altar of Fedhas.
  4080 | D:6      | Reached skill level 9 in Unarmed Combat
  4080 | D:6      | Reached XP level 9. HP: 78/79 MP: 8/8
  4133 | D:6      | Found Tusa's Lightly-Used Armoury.
  4268 | D:7      | Noticed a troll
  4268 | D:7      | Found a staircase to the Ecumenical Temple.
  4273 | D:7      | Killed a troll
  4292 | D:7      | Noticed Maggie
  4298 | D:6      | Paralysed by a hornet for 2 turns
  4301 | D:6      | HP: 3/118 [hornet (10)]
  4302 | D:6      | Paralysed by a hornet for 2 turns
  4308 | D:6      | Slain by a hornet

Illustrated notes

Levels and vault maps discovered:
D:1:      evilmike_arrival_plus, layout_loops_ring, serial_forest,
          infiniplex_forest_clump_small, infiniplex_forest_end_2,
          infiniplex_forest_end_2, infiniplex_forest_end_1,
          infiniplex_forest_straight_2, infiniplex_forest_lined_corner,
          infiniplex_forest_straight_1, infiniplex_forest_straight_1,
          infiniplex_forest_lined_4_way
D:2:      layout_basic, uniq_sigmund
D:3:      layout_loops_cross, worldfamousw_hep_ancestral_shrine,
          amcnicky_altar_gilded, marbit_many_paths, minmay_mini_jars
D:4:      layout_gridville, hellmonk_ghost_happy_afterlife, lightli_minifort,
          uniq_blork_the_orc
D:5:      layout_cave_pools, uniq_eustachio, uniq_ijyb
D:6:      layout_loops_ring, gammafunk_temple_overflow_elements,
          ebering_ghost_reflecting_pool, chequers_serial_rivers_small_b,
          minmay_shop_damaged, hex_tiny, centaur_isle
D:7:      layout_basic, minmay_temple_entry_arrows, serial_shops,
          kennysheep_mini, uniq_maggie

Skill      XL: |  1  2  3  4  5  6  7  8  9 |
---------------+----------------------------+-----
Fighting       | 1 2 |  2.3
Dodging        | 2 3 |  3.9
Unarmed Combat | 4 5 7 9 |  9.8
Shapeshifting  | 4 5 6 7 |  7.2
Evocations     | 1 |  1.0

Action                     |  1- 3 |  4- 6 |  7- 9 || total
---------------------------+-------+-------+-------++-------
  Melee: Unarmed           |    64 |    95 |   184 ||   343
         Punch             |     1 |     3 |     2 ||     6
Ability: Lunge             |       |    10 |    20 ||    30
         Whirlwind         |       |       |    48 ||    48
    Use: Potion            |       |       |     4 ||     4
   Stab: Sleeping          |     1 |     2 |       ||     3
 Armour: Animal skin       |    38 |    57 |   107 ||   202
         Skin              |       |       |    26 ||    26
  Dodge: Dodged            |    30 |    41 |    72 ||   143
   Form: Flux              |       |       |     1 ||     1

Table legend: (Time is in decaauts)
 A = Elapsed time spent in this place.
 B = Non-inter-level travel time spent in this place.
 C = Inter-level travel time spent in this place.
 D = Time resting spent in this place.
 E = Time spent auto-exploring this place.
 F = Levels seen in this place.
 G = Mean time per level.
                   A        B        C        D        E       F      G
               +--------+--------+--------+--------+--------+-----+--------+
         Total |   4286 |   4096 |    190 |     22 |   2795 |   7 |  612.3 |
       Dungeon |   4286 |   4096 |    190 |     22 |   2795 |   7 |  612.3 |
               +--------+--------+--------+--------+--------+-----+--------+

Top non-repeatable levels by time:
     D:1: 969 daAuts
     D:3: 867 daAuts
     D:4: 834 daAuts
     D:6: 591 daAuts
     D:5: 518 daAuts
     D:2: 478 daAuts
     D:7: 25 daAuts
